[ PARTIDA AOE2 · #493702324 ]
UnrankedWu vs Maya
Equipo del jugador · VICT
Equipo rival · DERR
[ ANÁLISIS DE REPETICIÓN · EXTRAÍDO DE LA PARTIDA GRABADA ]
Feudal
9:31
Castillos
21:18
Imperial
—
| APM promedio | 68.9 |
| APM pico | 95 |
| eAPM promedio | 28.7 |
| Aldeanos / militares | 56 / 16 |
Foco
⚔️ 38.6% · 🌾 61.4%
Archer ×11 · Unknown (1944) ×4 · Militia ×3 · Skirmisher ×2
Feudal
10:42
Castillos
14:45
Imperial
—
| APM promedio | 50.6 |
| APM pico | 91 |
| eAPM promedio | 25.7 |
| Aldeanos / militares | 40 / 21 |
Foco
⚔️ 51.4% · 🌾 48.6%
Plumed Archer ×17 · Mangonel ×2 · Battering Ram ×2
Mapa de la partida
Recursos iniciales + cada clic de construcción. Líneas = muros · curvas = relieve. ◆ oro · ⬟ piedra · ● bayas · ✦ reliquia · ◌ hueco del cierre
Tu base· Abierta — flanco sin cerrar
Base de DS_ Tw/ShacoyFormosa· Abierta — flanco sin cerrar
Terreno inicial suavizado · ◌ = hueco del cierre detectado · pasá el cursor para detalles
Inputs por minuto
— 奉天讨贼 Latin America lagge - - DS_ Tw/ShacoyFormosa
Build order — 奉天讨贼 Latin America lagge
137 acciones detectadas en el replay
| 0:01 | Crear | Villager (Male) |
| 0:01 | Crear | Villager (Male) |
| 0:02 | Construir | House |
| 0:03 | Construir | House |
| 0:07 | Crear | Villager (Male) |
| 0:07 | Crear | Villager (Male) |
| 0:07 | Crear | Villager (Male) |
| 1:32 | Crear | Villager (Male) |
| 1:33 | Crear | Villager (Male) |
| 1:47 | Crear | Villager (Male) |
| 1:47 | Crear | Villager (Male) |
| 2:32 | Crear | Villager (Male) |
| 2:32 | Crear | Villager (Male) |
| 2:48 | Crear | Villager (Male) |
| 2:49 | Crear | Villager (Male) |
| 2:49 | Crear | Villager (Male) |
| 3:02 | Construir | Lumber Camp |
| 3:22 | Crear | Villager (Male) |
| 3:22 | Crear | Villager (Male) |
| 3:23 | Crear | Villager (Male) |
| 3:50 | Crear | Villager (Male) |
| 3:50 | Crear | Villager (Male) |
| 4:08 | Crear | Villager (Male) |
| 4:08 | Crear | Villager (Male) |
| 4:26 | Construir | House |
| 5:41 | Crear | Villager (Male) |
| 6:16 | Construir | Barracks |
| 6:22 | Crear | Villager (Male) |
| 6:52 | Crear | Villager (Male) |
| 6:56 | Investigar | Loom |
| 7:15 | Investigar | Feudal Age |
| 7:16 | Crear | Militia |
| 7:19 | Construir | House |
| 7:37 | Crear | Militia |
| 7:38 | Construir | House |
| 7:54 | Construir | Palisade Wall |
| 8:35 | Construir | Mill |
| 8:48 | Crear | Militia |
| 8:49 | Crear | Villager (Male) |
| 8:58 | Construir | Mining Camp |
| 9:31 | Edad | Edad Feudal |
| 9:35 | Investigar | Man-at-Arms (upgrade) |
| 9:38 | Construir | Archery Range |
| 9:45 | Crear | Villager (Male) |
| 10:11 | Investigar | Double-Bit Axe |
| 10:16 | Crear | Villager (Male) |
| 10:16 | Crear | Villager (Male) |
| 10:33 | Construir | House |
| 10:41 | Crear | Archer |
| 10:42 | Crear | Villager (Male) |
| 10:48 | Crear | Villager (Male) |
| 10:48 | Crear | Villager (Male) |
| 11:10 | Crear | Archer |
| 11:10 | Crear | Villager (Male) |
| 11:19 | Crear | Villager (Male) |
| 11:19 | Crear | Villager (Male) |
| 11:25 | Construir | Farm |
| 11:26 | Construir | Farm |
| 11:27 | Construir | Farm |
| 11:38 | Crear | Villager (Male) |
| 11:38 | Crear | Villager (Male) |
| 11:47 | Crear | Villager (Male) |
| 11:47 | Crear | Villager (Male) |
| 11:54 | Construir | Mining Camp |
| 11:59 | Crear | Archer |
| 12:19 | Crear | Archer |
| 12:19 | Crear | Villager (Male) |
| 12:48 | Crear | Villager (Male) |
| 12:51 | Construir | Farm |
| 12:51 | Construir | Farm |
| 13:02 | Crear | Villager (Male) |
| 13:04 | Construir | Farm |
| 13:31 | Crear | Villager (Male) |
| 13:37 | Crear | Archer |
| 13:43 | Construir | Watch Tower |
| 13:56 | Investigar | Wheelbarrow |
| 13:58 | Construir | House |
| 13:59 | Construir | House |
| 14:15 | Crear | Archer |
| 14:20 | Crear | Archer |
| 14:21 | Crear | Villager (Male) |
| 14:32 | Crear | Villager (Male) |
| 14:35 | Construir | Farm |
| 14:36 | Construir | Outpost |
| 14:45 | Construir | House |
| 14:55 | Crear | Archer |
| 14:58 | Crear | Villager (Male) |
| 15:09 | Construir | House |
| 15:20 | Construir | Watch Tower |
| 15:27 | Crear | Villager (Male) |
| 15:41 | Construir | Farm |
| 15:47 | Construir | House |
| 16:19 | Construir | Farm |
| 16:28 | Crear | Villager (Male) |
| 16:28 | Crear | Villager (Male) |
| 17:03 | Construir | Palisade Wall |
| 17:05 | Construir | Blacksmith |
| 17:42 | Construir | Watch Tower |
| 17:47 | Construir | Farm |
| 17:48 | Crear | Villager (Male) |
| 17:56 | Construir | Farm |
| 18:24 | Construir | Palisade Wall |
| 18:26 | Construir | Palisade Wall |
| 18:26 | Construir | Palisade Wall |
| 18:27 | Construir | Palisade Wall |
| 18:38 | Investigar | Castle Age |
| 18:38 | Investigar | Castle Age |
| 19:26 | Construir | Watch Tower |
| 19:35 | Construir | Watch Tower |
| 19:39 | Crear | Villager (Male) |
| 19:48 | Construir | Lumber Camp |
| 19:56 | Crear | Villager (Male) |
| 19:57 | Crear | Villager (Male) |
| 20:03 | Crear | Archer |
| 20:04 | Crear | Archer |
| 20:15 | Investigar | Fletching |
| 20:34 | Crear | Villager (Male) |
| 20:41 | Crear | Archer |
| 20:50 | Crear | Skirmisher |
| 21:06 | Crear | Skirmisher |
| 21:18 | Edad | Edad de los Castillos |
| 21:18 | Construir | Stable |
| 21:23 | Construir | Stable |
| 21:30 | Investigar | Scale Barding Armor |
| 21:31 | Crear | Villager (Male) |
| 21:44 | Construir | Watch Tower |
| 21:45 | Crear | Villager (Male) |
| 21:52 | Construir | Farm |
| 21:54 | Construir | Farm |
| 21:58 | Construir | Farm |
| 22:02 | Crear | Unit 1944 |
| 22:03 | Crear | Unit 1944 |
| 22:33 | Construir | Lumber Camp |
| 22:43 | Construir | Palisade Wall |
| 22:59 | Crear | Unit 1944 |
| 22:59 | Crear | Unit 1944 |
| 23:00 | Crear | Villager (Male) |
Build order — DS_ Tw/ShacoyFormosa
119 acciones detectadas en el replay
| 0:00 | Crear | Villager (Male) |
| 0:01 | Crear | Villager (Male) |
| 0:01 | Crear | Villager (Male) |
| 0:02 | Crear | Villager (Male) |
| 0:02 | Construir | House |
| 0:04 | Construir | House |
| 0:07 | Investigar | Loom |
| 0:07 | Investigar | Loom |
| 0:13 | Crear | Villager (Male) |
| 0:13 | Crear | Villager (Male) |
| 0:14 | Crear | Villager (Male) |
| 0:14 | Crear | Villager (Male) |
| 1:30 | Crear | Villager (Male) |
| 1:30 | Crear | Villager (Male) |
| 2:09 | Crear | Villager (Male) |
| 2:10 | Crear | Villager (Male) |
| 2:14 | Construir | Lumber Camp |
| 2:35 | Crear | Villager (Male) |
| 2:35 | Crear | Villager (Male) |
| 3:03 | Crear | Villager (Male) |
| 3:03 | Crear | Villager (Male) |
| 3:32 | Crear | Villager (Male) |
| 3:32 | Crear | Villager (Male) |
| 3:33 | Crear | Villager (Male) |
| 3:33 | Crear | Villager (Male) |
| 4:02 | Crear | Villager (Male) |
| 4:02 | Crear | Villager (Male) |
| 4:03 | Crear | Villager (Male) |
| 4:06 | Crear | Villager (Male) |
| 4:13 | Construir | House |
| 4:55 | Crear | Villager (Male) |
| 4:56 | Crear | Villager (Male) |
| 5:25 | Construir | Mill |
| 5:27 | Crear | Villager (Male) |
| 5:27 | Crear | Villager (Male) |
| 5:44 | Construir | House |
| 6:04 | Crear | Villager (Male) |
| 6:05 | Crear | Villager (Male) |
| 6:05 | Crear | Villager (Male) |
| 6:05 | Crear | Villager (Male) |
| 6:52 | Crear | Villager (Male) |
| 6:52 | Crear | Villager (Male) |
| 7:24 | Construir | Mining Camp |
| 8:19 | Investigar | Feudal Age |
| 8:23 | Construir | Palisade Wall |
| 8:24 | Construir | Palisade Wall |
| 8:25 | Construir | Palisade Wall |
| 8:30 | Construir | Palisade Wall |
| 8:31 | Construir | Palisade Wall |
| 8:31 | Construir | Palisade Wall |
| 8:32 | Construir | Palisade Wall |
| 9:40 | Construir | Palisade Wall |
| 9:40 | Construir | Palisade Wall |
| 9:42 | Construir | Palisade Wall |
| 9:43 | Construir | Palisade Wall |
| 9:49 | Construir | Palisade Wall |
| 9:50 | Construir | Palisade Wall |
| 9:50 | Construir | Palisade Wall |
| 9:52 | Construir | Palisade Wall |
| 9:53 | Construir | Palisade Wall |
| 10:12 | Construir | Palisade Wall |
| 10:12 | Construir | Palisade Wall |
| 10:13 | Construir | Palisade Wall |
| 10:15 | Construir | Palisade Wall |
| 10:17 | Construir | Palisade Wall |
| 10:17 | Construir | Palisade Wall |
| 10:20 | Construir | Palisade Wall |
| 10:21 | Construir | Palisade Wall |
| 10:22 | Construir | Palisade Wall |
| 10:22 | Construir | Palisade Wall |
| 10:24 | Construir | Palisade Wall |
| 10:25 | Construir | Palisade Wall |
| 10:32 | Construir | Palisade Wall |
| 10:33 | Construir | Palisade Wall |
| 10:42 | Edad | Edad Feudal |
| 10:45 | Construir | Market |
| 10:45 | Crear | Villager (Male) |
| 10:46 | Crear | Villager (Male) |
| 11:31 | Construir | Blacksmith |
| 12:05 | Investigar | Castle Age |
| 12:27 | Construir | Palisade Wall |
| 12:28 | Construir | Palisade Wall |
| 12:42 | Construir | Palisade Wall |
| 13:34 | Construir | Palisade Wall |
| 13:36 | Construir | Palisade Wall |
| 14:45 | Edad | Edad de los Castillos |
| 14:50 | Construir | Castle |
| 14:56 | Investigar | Fletching |
| 14:56 | Investigar | Fletching |
| 15:14 | Construir | Mining Camp |
| 15:48 | Construir | Lumber Camp |
| 15:58 | Crear | Plumed Archer |
| 15:58 | Crear | Plumed Archer |
| 16:42 | Crear | Plumed Archer |
| 17:12 | Crear | Plumed Archer |
| 17:12 | Crear | Plumed Archer |
| 17:47 | Crear | Plumed Archer |
| 17:47 | Crear | Plumed Archer |
| 18:06 | Crear | Plumed Archer |
| 18:06 | Crear | Plumed Archer |
| 18:07 | Crear | Plumed Archer |
| 19:22 | Construir | Siege Workshop |
| 19:30 | Crear | Plumed Archer |
| 20:06 | Crear | Plumed Archer |
| 20:06 | Crear | Plumed Archer |
| 20:31 | Crear | Villager (Male) |
| 20:31 | Crear | Villager (Male) |
| 20:39 | Construir | Farm |
| 20:42 | Construir | Farm |
| 20:46 | Crear | Plumed Archer |
| 20:46 | Crear | Plumed Archer |
| 21:41 | Crear | Mangonel |
| 21:42 | Crear | Mangonel |
| 21:53 | Crear | Plumed Archer |
| 21:53 | Crear | Plumed Archer |
| 22:27 | Crear | Battering Ram |
| 22:27 | Crear | Battering Ram |
| 23:03 | Crear | Villager (Male) |
| 23:03 | Crear | Villager (Male) |
Cronología de la partida
| 6:16 | 奉天讨贼 Latin America lagge · first_building Barracks |
| 7:54 | 奉天讨贼 Latin America lagge · wall_segment Palisade Wall x1 |
| 8:23 | DS_ Tw/ShacoyFormosa · wall_segment Palisade Wall x1 |
| 8:24 | DS_ Tw/ShacoyFormosa · wall_segment Palisade Wall x1 |
| 8:25 | DS_ Tw/ShacoyFormosa · wall_segment Palisade Wall x2 |
| 8:30 | DS_ Tw/ShacoyFormosa · wall_segment Palisade Wall x1 |
| 8:31 | DS_ Tw/ShacoyFormosa · wall_segment Palisade Wall x1 |
| 8:31 | DS_ Tw/ShacoyFormosa · wall_segment Palisade Wall x1 |
| 8:32 | DS_ Tw/ShacoyFormosa · wall_segment Palisade Wall x1 |
| 9:31 | 奉天讨贼 Latin America lagge · age_up feudal |
| 9:38 | 奉天讨贼 Latin America lagge · first_building Archery Range |
| 9:40 | DS_ Tw/ShacoyFormosa · wall_segment Palisade Wall x1 |
| 9:40 | DS_ Tw/ShacoyFormosa · wall_segment Palisade Wall x1 |
| 9:42 | DS_ Tw/ShacoyFormosa · wall_segment Palisade Wall x1 |
| 9:43 | DS_ Tw/ShacoyFormosa · wall_segment Palisade Wall x1 |
| 9:49 | DS_ Tw/ShacoyFormosa · wall_segment Palisade Wall x1 |
| 9:50 | DS_ Tw/ShacoyFormosa · wall_segment Palisade Wall x1 |
| 9:50 | DS_ Tw/ShacoyFormosa · wall_segment Palisade Wall x1 |
| 9:52 | DS_ Tw/ShacoyFormosa · wall_segment Palisade Wall x1 |
| 9:53 | DS_ Tw/ShacoyFormosa · wall_segment Palisade Wall x1 |
| 10:12 | DS_ Tw/ShacoyFormosa · wall_segment Palisade Wall x1 |
| 10:12 | DS_ Tw/ShacoyFormosa · wall_segment Palisade Wall x1 |
| 10:13 | DS_ Tw/ShacoyFormosa · wall_segment Palisade Wall x1 |
| 10:15 | DS_ Tw/ShacoyFormosa · wall_segment Palisade Wall x1 |
| 10:17 | DS_ Tw/ShacoyFormosa · wall_segment Palisade Wall x1 |
| 10:17 | DS_ Tw/ShacoyFormosa · wall_segment Palisade Wall x1 |
| 10:20 | DS_ Tw/ShacoyFormosa · wall_segment Palisade Wall x1 |
| 10:21 | DS_ Tw/ShacoyFormosa · wall_segment Palisade Wall x1 |
| 10:22 | DS_ Tw/ShacoyFormosa · wall_segment Palisade Wall x1 |
| 10:22 | DS_ Tw/ShacoyFormosa · wall_segment Palisade Wall x1 |
| 10:24 | DS_ Tw/ShacoyFormosa · wall_segment Palisade Wall x1 |
| 10:25 | DS_ Tw/ShacoyFormosa · wall_segment Palisade Wall x1 |
| 10:32 | DS_ Tw/ShacoyFormosa · wall_segment Palisade Wall x1 |
| 10:33 | DS_ Tw/ShacoyFormosa · wall_segment Palisade Wall x1 |
| 10:42 | DS_ Tw/ShacoyFormosa · age_up feudal |
| 12:00 | DS_ Tw/ShacoyFormosa · first_market_sell 100 stone |
| 12:27 | DS_ Tw/ShacoyFormosa · wall_segment Palisade Wall x1 |
| 12:28 | DS_ Tw/ShacoyFormosa · wall_segment Palisade Wall x1 |
| 12:42 | DS_ Tw/ShacoyFormosa · wall_segment Palisade Wall x1 |
| 13:34 | DS_ Tw/ShacoyFormosa · wall_segment Palisade Wall x1 |
| 13:36 | DS_ Tw/ShacoyFormosa · wall_segment Palisade Wall x1 |
| 14:15 | DS_ Tw/ShacoyFormosa · first_market_buy 100 stone |
| 14:45 | DS_ Tw/ShacoyFormosa · age_up castle |
| 14:50 | DS_ Tw/ShacoyFormosa · first_building Castle |
| 17:03 | 奉天讨贼 Latin America lagge · wall_segment Palisade Wall x1 |
| 18:24 | 奉天讨贼 Latin America lagge · wall_segment Palisade Wall x1 |
| 18:26 | 奉天讨贼 Latin America lagge · wall_segment Palisade Wall x1 |
| 18:26 | 奉天讨贼 Latin America lagge · wall_segment Palisade Wall x1 |
| 18:27 | 奉天讨贼 Latin America lagge · wall_segment Palisade Wall x1 |
| 19:22 | DS_ Tw/ShacoyFormosa · first_building Siege Workshop |
| 21:18 | 奉天讨贼 Latin America lagge · age_up castle |
| 21:18 | 奉天讨贼 Latin America lagge · first_building Stable |
| 22:43 | 奉天讨贼 Latin America lagge · wall_segment Palisade Wall x2 |
| 23:25 | DS_ Tw/ShacoyFormosa · resign |
[ ANÁLISIS IA · 1 CRÉDITO ]
¿Qué pasó realmente en esta partida?
Wolo.gg analiza cada decisión: build order, eco, micro, errores típicos por bracket. Análisis personalizado por WhatsApp o Discord en 30 segundos.
Guía civ
Wu
Perfil
奉天讨贼 Latin America lagge